 Dungeon Sprint DCSS version 0.31.0-9-g3a7656b989 (webtiles) character file.

Game seed: 13236682144753662848

1559 Heoruswealwe the Impaler (level 8, -4/83 HPs)
             Began as a Minotaur Fighter on Feb 5, 2024.
             Was an Initiate of Gozag.
             Slain by a tengu warrior
             ... wielding a +0 halberd
              (9 damage)
             ... in the Dungeon (Sprint IX: "|||||||||||||||||||||||||||||").
             The game lasted 00:02:29 (262 turns).

Heoruswealwe the Impaler (Minotaur Fighter)          Turns: 262, Time: 00:02:30

Health: -4/83      AC: 15    Str: 23    XL:     8   Next: 58%
Magic:  7/7        EV:  9    Int:  5    God:    Gozag
Gold:   441        SH:  0    Dex: 10    Spells: 7/7 levels left

rFire   . . .        b - +2 halberd (venom)
rCold   . . .        (shield currently unavailable)
rNeg    . . .        c - +0 chain mail
rPois   .            (helmet restricted)
rElec   .            (no cloak)
rCorr   .            f - +0 pair of gloves
SInv    .            (no boots)
Will    .....        (no amulet) Stlth
                     k - +2 ring of protection
HPRegen 0.33/turn    (no ring)
MPRegen 0.10/turn

%: no teleportation
@: no status effects
A: horns 2, retaliatory headbutt
a: Renounce Religion, Potion Petition, Call Merchant, Bribe Branch


You were in the Dungeon.
You worshipped Gozag.
Gozag was aware of your devotion.
You visited 1 branch You collected 441 gold pieces.

Inventory:

Hand Weapons
 a - a +0 trident
 b - a +2 halberd of venom (weapon)
Armour
 c - a +0 chain mail (worn)
 d - a +0 buckler
 f - a +0 pair of gloves (worn)
Jewellery
 k - a +2 ring of protection (left hand)
Wands
 h - a wand of acid (10)
Scrolls
 j - 2 scrolls of blinking
Potions
 e - 2 potions of heal wounds
 g - a potion of haste
 i - a potion of berserk rage
 l - 4 potions of curing
 m - a potion of might


   Skills:
 + Level 12.1 Fighting
 * Level 16.1 Polearms
 + Level 12.1 Armour
 - Level 3.6 Shields


You had 7 spell levels left.
You didn't know any spells.
Your spell library was empty.

Dungeon Overview and Level Annotations

Branches:
Dungeon (1/1)

Altars:
Cheibriados
Dithmenos
Elyvilon
Fedhas
Gozag
Hepliaklqana
Kikubaaqudgha
Makhleb
Nemelex Xobeh
Okawaru
Qazlal
Ru
Sif Muna
Trog
Uskayaw
Vehumet
Wu Jian
Xom
Yredelemnul
Zin
The Shining One
Jiyva
Lugonu


Innate Abilities, Weirdness & Mutations

You have a pair of horns on your head.
You reflexively headbutt those who attack you in melee.


Message History

The komodo dragon is almost dead.
The komodo dragon barely misses you.
The tengu warrior hits you from afar with a +0 halberd.
You barely miss the komodo dragon. You headbutt the komodo dragon.
You kill the komodo dragon!
The tengu warrior hits you from afar with a +0 halberd!
Your Fighting skill increases to level 12!
Your Polearms skill increases to level 16!
Your Armour skill increases to level 12!
The tengu warrior hits you with a +0 halberd.
The tengu warrior pecks you but does no damage.
The tengu warrior claws you.
The manticore is distracted by your dazzling golden aura.
Things that are here:
333 gold pieces; a +0 shortbow The tengu warrior hits you from afar with a +0 halberd.
There is an open door, spattered with blood here.
The manticore is no longer distracted by gold.
The tengu warrior slips past you!
The tengu warrior hits you with a +0 halberd!
* * * LOW HITPOINT WARNING * * *
The tengu warrior pecks you but does no damage.
The tengu warrior claws you but does no damage.
There is an open door, spattered with blood here.
You puncture the manticore!
The manticore is poisoned.
The manticore is moderately wounded.
You barely miss the tengu warrior.
The tengu warrior hits you but does no damage.
The tengu warrior pecks you.
* * * LOW HITPOINT WARNING * * *
The tengu warrior claws you but does no damage.
The manticore bites you!
* * * LOW HITPOINT WARNING * * *
The manticore closely misses you. x2
Unknown command.
You hit the manticore.
The manticore is heavily wounded.
The tengu warrior hits you with a +0 halberd!
You die...
Your body crumbles into a pile of gold. ▓▓▓▓▓▓▓▓▓▓▓▓▓▓▓▓▓▓▓▓▓▓▓▓ !?)[[=...[.....Q@HcC...+ ▓▓▓▓▓▓▓▓▓▓▓▓▓▓▓▓▓▓▓▓▓▓▓▓

You could see a tengu warrior, a centaur warrior, a manticore (very poisoned) and a cyclops.

Vanquished Creatures
  A centaur warrior (D)
  A kobold demonologist (D)
  A komodo dragon (D)
  A yak (D)
  An orc warrior (D)
  A scorpion (D)
  A wight (D)
  A killer bee (D)
  A howler monkey (D)
  A gnoll (D)
  An adder (D)
  An orc (D)
  An endoplasm (D)
  2 quokkas (D)
  A bat (D)
  2 rats (D)
18 creatures vanquished.

Notes
Turn   | Place    | Note
-------+----------+-------------------------------------------
     0 | D        | Heoruswealwe the Minotaur Fighter began the quest for the
                  | Orb.
     0 | D        | Reached XP level 1. HP: 19/19 MP: 0/0
     9 | D        | Reached skill level 3 in Polearms
    25 | D        | Noticed a scorpion
    32 | D        | Killed a scorpion
    33 | D        | Reached skill level 5 in Fighting
    33 | D        | Reached skill level 6 in Polearms
    33 | D        | Reached skill level 5 in Armour
    33 | D        | Reached XP level 2. HP: 30/30 MP: 1/1
    33 | D        | Reached XP level 3. HP: 37/37 MP: 2/2
    42 | D        | Reached skill level 7 in Polearms
    42 | D        | Reached XP level 4. HP: 21/44 MP: 3/3
    58 | D        | Found a snail-covered altar of Cheibriados.
    58 | D        | Found a shadowy altar of Dithmenos.
    58 | D        | Found a white marble altar of Elyvilon.
    58 | D        | Found a blossoming altar of Fedhas.
    58 | D        | Found an opulent altar of Gozag.
    59 | D        | Found a hazy altar of Hepliaklqana.
    60 | D        | Found a viscous altar of Jiyva.
    61 | D        | Found an ancient bone altar of Kikubaaqudgha.
    62 | D        | Found a corrupted altar of Lugonu.
    63 | D        | Found a burning altar of Makhleb.
    64 | D        | Found a sparkling altar of Nemelex Xobeh.
    65 | D        | Found an iron altar of Okawaru.
    66 | D        | Became a worshipper of Gozag Ym Sagoz the Greedy
    67 | D        | Found a stormy altar of Qazlal.
    68 | D        | Found a sacrificial altar of Ru.
    69 | D        | Found a shimmering blue altar of Sif Muna.
    70 | D        | Found a bloodstained altar of Trog.
    71 | D        | Found a hide-covered altar of Uskayaw.
    72 | D        | Found a radiant altar of Vehumet.
    73 | D        | Found an ornate altar of the Wu Jian Council.
    74 | D        | Found a shimmering altar of Xom.
    75 | D        | Found a basalt altar of Yredelemnul.
    76 | D        | Found a glowing silver altar of Zin.
    77 | D        | Found a glowing golden altar of the Shining One.
   134 | D        | Noticed a kobold demonologist
   134 | D        | Noticed an orc warrior
   134 | D        | Noticed a yak
   137 | D        | Reached skill level 8 in Polearms
   142 | D        | Killed a kobold demonologist
   143 | D        | Reached skill level 12 in Polearms
   143 | D        | Reached XP level 5. HP: 56/57 MP: 4/4
   143 | D        | Reached XP level 6. HP: 61/63 MP: 5/5
   151 | D        | Killed a yak
   152 | D        | Reached skill level 10 in Fighting
   152 | D        | Reached skill level 13 in Polearms
   152 | D        | Reached skill level 10 in Armour
   152 | D        | Reached XP level 7. HP: 71/72 MP: 6/6
   244 | D        | Noticed a centaur warrior
   244 | D        | Noticed a komodo dragon
   244 | D        | Noticed a tengu warrior
   244 | D        | Noticed a manticore
   244 | D        | Noticed a centaur warrior
   244 | D        | Noticed a cyclops
   251 | D        | Killed a centaur warrior
   252 | D        | Reached skill level 15 in Polearms
   252 | D        | Reached XP level 8. HP: 73/83 MP: 7/7
   255 | D        | Killed a komodo dragon
   256 | D        | Reached skill level 16 in Polearms
   261 | D        | HP: 4/83 [manticore (17)]
   262 | D        | Slain by a tengu warrior

Illustrated notes

Levels and vault maps discovered:
D:        linesprint [early_d, line_temple, items_1, d_10, items_2, lair_1,
          lair_end, items_3, orc_1, orc_end, items_4, d_15, swamp_1, shoals_1,
          snake_1, spider_1, d_20, vaults_1, items_5, swamp_end, shoals_end,
          snake_end, spider_end, vaults_end, d_27, items_6, zot_1, zot_end,
          crypt_end, forest_end, elf_end, slime_end, tomb_end, abyss_end,
          pan_hell_end]

Skill      XL: |  1  2  3  4  5  6  7  8 |
---------------+-------------------------+-----
Polearms       | 6 7 12 13 15 16 | 16.1
Fighting       | 5 6 9 10 11 12 | 12.1
Armour         | 5 9 10 11 12 | 12.1
Shields        | |  3.6

Action                     |  1- 3 |  4- 6 |  7- 9 || total
---------------------------+-------+-------+-------++-------
  Melee: Trident           |    30 |     8 |       ||    38
         Headbutt          |     3 |     4 |     6 ||    13
         Halberd           |       |    17 |    20 ||    37
    Use: Potion            |     1 |     1 |       ||     2
 Armour: Scale mail        |    19 |    13 |     3 ||    35
         Chain mail        |       |       |    28 ||    28
  Dodge: Dodged            |     8 |    12 |     8 ||    28
  Block: Buckler           |     9 |     1 |       ||    10
